 Dungeon Crawl Stone Soup version 0.21.1-1-g345015fe64 (webtiles) character file.

70 Ivernyr the Chucker (level 4, 0/33 HPs)
             Began as a Human Arcane Marksman on May 31, 2018.
             Was an Initiate of Nemelex Xobeh.
             Slain by a goblin
             ... wielding a cursed -3 dagger
             ... led by Robin
              (4 damage)
             ... on level 1 of the Dungeon on June 1, 2018.
             The game lasted 00:06:10 (1625 turns).

Ivernyr the Chucker (Human Arcane Marksman)         Turns: 1625, Time: 00:06:11

Health: 0/33       AC:  9    Str: 10    XL:     4   Next: 45%
Magic:  5/5        EV: 12    Int: 13    God:    Nemelex Xobeh [......]
Gold:   53         SH:  0    Dex: 15    Spells: 4/5 levels left

rFire    . . .     SeeInvis .   i - +0 mace (protect)
rCold    . . .     Gourm    .   (no shield)
rNeg     . . .     Faith    .   a - +0 robe
rPois    .         Spirit   .   (no helmet)
rElec    .         Reflect  .   (no cloak)
rCorr    .         Harm     .   (no gloves)
MR       .....                  (no boots)
Stlth    +.........             (no amulet)
HPRegen  0.11/turn              (no ring)
MPRegen  0.09/turn              m - +1 ring of slaying

@: protection aura
A: no striking features
a: Renounce Religion


You were on level 1 of the Dungeon.
You worshipped Nemelex Xobeh.
Nemelex Xobeh was noncommittal.
You were hungry.

You visited 1 branch of the dungeon, and saw 2 of its levels.

You collected 53 gold pieces.

Inventory:

Hand Weapons
 i - a +0 mace of protection (weapon)
Missiles
 c - 5 javelins (quivered)
 d - 2 throwing nets
Armour
 a - a +0 robe (worn)
Jewellery
 m - a +1 ring of slaying (right hand)
Scrolls
 e - a scroll of amnesia {unknown}
 g - a scroll of teleportation {unknown}
 j - a scroll of enchant weapon {unknown}
 k - a scroll of magic mapping {unknown}
 n - a scroll of remove curse {unknown}
Potions
 l - a potion of degeneration {unknown}
 o - a potion of might
 p - a potion of heal wounds {unknown}
Books
 b - a book of Debilitation

   Spells                             Type                      Level
   a - Corona                         Hexes                        1
   b - Slow                           Hexes                        2
   c - Inner Flame                    Hexes/Fire                   3
   d - Portal Projectile              Hexes/Translocation          3
   e - Cause Fear                     Hexes                        4
   f - Leda's Liquefaction            Hexes/Earth                  4
Comestibles
 f - 3 rations


   Skills:
 + Level 2.0 Fighting
 * Level 3.4 Throwing
 + Level 1.5 Armour
 - Level 2.0 Dodging
 - Level 1.0 Spellcasting
 - Level 3.0 Hexes


You had 4 spell levels left.
You knew the following spells:

 Your Spells              Type           Power        Failure   Level  Hunger
a - Corona                Hex            #......      9%          1    ##.....


Dungeon Overview and Level Annotations

Branches:
Dungeon (2/15)

Altars:
Nemelex Xobeh

Annotations:
D:2 Robin


Message History

You hit the goblin.
You kill the goblin!
The goblin hits you with a dagger.
* * * LOW HITPOINT WARNING * * *
You closely miss the goblin. The goblin hits you but does no damage.
You closely miss the goblin. The goblin closely misses you. x2
The goblin no longer looks unusually strong. x2
The goblin hits you but does no damage.
You climb upwards.
There is a stone staircase leading down here.
You closely miss the goblin. The goblin closely misses you.
You closely miss the goblin. The goblin hits you but does no damage.
The goblin hits you with a dagger.
* * * LOW HITPOINT WARNING * * *
You hit the goblin.
Your weapon exudes an aura of protection.
The goblin is severely wounded.
The goblin hits you with a dagger.
You die...
Your body disappears without a glow.

#.....###### #..####.#.##...
#...### #..#.##.#.##### #####...#
####...#.#.#.# ## ......###
#.....###..#.# #. ##.####
##.##...#.#.#.## #. ##.#
#...##.#.##....# #. ..^#
######...##.#.####..# #. ####
#...##g..####.# #..###. #
#.<.##.@.# #.# #)..... ##
#...##...# #.# ##.###) .#
#'####...# #.# #.# #. .#
#.######## #.# #.###. ##
#.##.....####.#####.....
##########.##..8..+..#.#...#.####
#.......##.##.....#....#.#...#
..#####.##.##..⌠..#..........#
..# #.##.##.....#..####.####


You could see a goblin.

Vanquished Creatures
  2 adders (D:2)
  3 worms (D:2)
  A dart slug (D:1)
  3 leopard geckos (D:2)
  A giant cockroach (D:1)
  7 goblins (D:2)
  6 hobgoblins
  4 jackals (D:2)
  A ball python (D:2)
  2 bats
  A frilled lizard (D:1)
  3 kobolds
  3 rats
37 creatures vanquished.

Notes
Turn   | Place    | Note
-------+----------+-------------------------------------------
     0 | D:1      | Ivernyr the Human Arcane Marksman began the quest for the Orb.
     0 | D:1      | Reached XP level 1. HP: 15/15 MP: 2/2
   427 | D:1      | Reached XP level 2. HP: 21/21 MP: 3/3
   970 | D:2      | Reached XP level 3. HP: 26/26 MP: 4/4
   984 | D:2      | Reached skill level 1 in Armour
  1342 | D:2      | Reached XP level 4. HP: 27/33 MP: 5/5
  1570 | D:2      | Found a sparkling altar of Nemelex Xobeh.
  1578 | D:2      | Became a worshipper of Nemelex Xobeh the Trickster
  1588 | D:2      | Noticed Robin
  1625 | D:1      | Slain by a goblin

Skill      XL: |  1  2  3  4 |
---------------+-------------+-----
Armour         | 1 |  1.5
Throwing       | 3 |  3.4
Fighting       | 2 |  2.0
Dodging        | |  2.0
Spellcasting   | |  1.0
Hexes          | |  3.0

Action                   |  1- 3 |  4- 6 || total
-------------------------+-------+-------++-------
Melee: Unarmed           |    18 |       ||    18
       Mace              |    93 |    44 ||   137
  Use: Potion            |     2 |       ||     2
 Stab: Sleeping          |     3 |       ||     3
  Eat: Chunk             |     1 |     1 ||     2
Armor: Robe              |    33 |     9 ||    42
Dodge: Dodged            |    79 |    39 ||   118
